 Dungeon Crawl Stone Soup version 0.30.1-4-g462c640d31 (webtiles) character file.

Game seed: 18011303049206787330

93 Tsarbomb the Conjurer (level 4, 0/24 (26) HPs)
             Began as a Tengu Reaver on Sept 16, 2023.
             Slain by a gnoll
             ... wielding a +0 halberd
             ... led by a gnoll bouda
              (2 damage)
             ... on level 4 of the Dungeon.
             The game lasted 00:08:39 (2068 turns).

Tsarbomb the Conjurer (Tengu Reaver)                Turns: 2068, Time: 00:08:39

HP:   0/24 (26)     AC: 11    Str: 13    XL:     4   Next: 62%
MP:   8/8           EV: 10    Int: 15    God:
Gold: 127           SH:  0    Dex: 12    Spells: 6/7 levels left

rFire   . . .        h - +0 dagger (speed)
rCold   . . .        (no shield)
rNeg    . . .        k - quicksilver dragon scales
rPois   +            (helmet restricted)
rElec   .            s - +0 cloak
rCorr   +            j - +0 pair of gloves
SInv    .            (boots unavailable)
Will    +....        (no amulet)
Stlth   +            i - ring of poison resistance
HPRegen 0.24/turn    n - ring of resist corrosion
MPRegen 0.11/turn

%: no passive effects
@: drained
A: beak, talons 3
a: no special abilities


You were on level 4 of the Dungeon.
You visited 1 branch of the dungeon, and saw 4 of its levels.

You collected 127 gold pieces.

Inventory:

Hand Weapons
 a - a +0 hand axe
 h - a +0 dagger of speed (weapon)
Armour
 b - a +0 leather armour
 j - a +0 pair of gloves (worn)
 k - quicksilver dragon scales (worn)
 s - a +0 cloak (worn)
Jewellery
 i - a ring of poison resistance (left hand)
 n - a ring of resist corrosion (right hand)
Scrolls
 d - 6 scrolls of identify {unknown}
 g - a scroll of acquirement {unknown}
 m - 2 scrolls of enchant armour {unknown}
 p - a scroll of vulnerability {unknown}
Potions
 c - 2 potions of degeneration {unknown}
 e - a potion of attraction {unknown}
 f - a potion of heal wounds {unknown}
 l - a potion of berserk rage {unknown}
 o - a potion of curing {unknown}
 q - a potion of brilliance {unknown}
 r - a potion of ambrosia {unknown}


   Skills:
 - Level 2.0 Fighting
 - Level 3.2(4.0) Axes
 * Level 3.5(4.2) Maces & Flails
 - Level 2.1 Dodging
 - Level 2.0 Spellcasting
 + Level 4.7 Conjurations
 * Level 1.4 Necromancy


You had 6 spell levels left.
You knew the following spells:

 Your Spells              Type           Power      Damage    Failure   Level
a - Kiss of Death         Conj/Necr      40%        2d8       14%         1

Your spell library contained the following spells:

 Spells                   Type           Power      Damage    Failure   Level
 Necrotise                Necr           20%        1d5       26%         1
 Momentum Strike          Conj/Tloc      16%        3d8       28%         2
 Apportation              Tloc           2%         N/A       43%         1
 Summon Small Mammal      Summ           4%         N/A       43%         1
 Hailstorm                Conj/Ice       8%         3d4       50%         3


Dungeon Overview and Level Annotations

Branches:
Dungeon (4/15)
 Temple: D:4-7

Altars:

Shops:
D:3 *


Innate Abilities, Weirdness & Mutations

You have a beak for a mouth.
You have claws for feet.


Message History

You struggle against the net.
The gnoll bouda shouts!
You hear a shout!
You struggle against the net.
The gnoll hits you from afar with a +0 spear.
The gnoll hits you but does no damage.
Casting: Kiss of Death (safe; 14% risk of failure)
Confirm with . or Enter, or press ? or * to list all spells.
Aiming: Kiss of Death (safe; 14% risk of failure)
Press: ? - help, Shift-Dir - straight line, f - gnoll
Aim: a gnoll, wielding a +0 club (100% to hit)
You miscast Kiss of Death.
You are very lightly contaminated with residual magic.
Nothing appears to happen.
The gnoll hits you from afar with a +0 spear!
The gnoll hits you with a +0 club.
You rip the net and break free!
The gnoll closely misses you. x2
The gnoll attacks as you move away! The gnoll hits you but does no damage.
There is a stone staircase leading down here.
The gnoll attacks as you move away! The gnoll hits you with a +0 club.
* * * LOW HITPOINT WARNING * * *
You barely miss the gnoll. The gnoll hits you but does no damage.
The gnoll attacks as you move away! The gnoll hits you but does no damage.
Your magical contamination has completely faded away.
The gnoll attacks as you move away! The gnoll barely misses you.
A gnoll comes into view.
It is wielding a +2 flail of holy wrath.
The gnoll shouts!
The gnoll attacks as you move away! The gnoll hits you but does no damage.
The gnoll bouda barks out a call to the hunt!
The gnolls pick up the pace!
The gnoll closely misses you. The gnoll attacks as you move away!
The gnoll hits you with a +0 club!
* * * LOW HITPOINT WARNING * * *
The gnoll hits you but does no damage. The gnoll closely misses you.
The gnoll attacks as you move away! The gnoll hits you with a +0 club.
* * * LOW HITPOINT WARNING * * *
The gnoll barely misses you. The gnoll hits you but does no damage.
There is a stone staircase leading up here.
The gnoll hits you from afar with a +0 halberd.
You die...

#####....####.........##
.............+.........'.
######....####.........##
#.........###.......##
#.##.####.# ##.....##
#......##.# ##...##
#......##.# ##+#
#......##.# #.#
#.....@##.# #.#
#...รท.g##.######.##
#.###g###.##......##
#.........##.#.....#
####...#####.......####
#...g..g............
#...#####g###.#>###.
##### #.###.#.# ##
#g..g...#


You could see 2 gnolls.

Vanquished Creatures
  Terence (D:3)
  2 adders
  A worm (D:2)
  A dart slug (D:3)
  2 orcs
  3 ball pythons
  3 bats
  5 endoplasms
  A giant cockroach (D:2)
  9 goblins
  3 hobgoblins
  A quokka (D:1)
  3 frilled lizards
  2 kobolds (D:1)
  4 rats
41 creatures vanquished.

Notes
Turn   | Place    | Note
-------+----------+-------------------------------------------
     0 | D:1      | Tsarbomb the Tengu Reaver began the quest for the Orb.
     0 | D:1      | Reached XP level 1. HP: 12/12 MP: 4/4
    59 | D:1      | Reached skill level 1 in Maces & Flails
   160 | D:1      | Reached XP level 2. HP: 17/17 MP: 6/6
   586 | D:2      | Reached XP level 3. HP: 17/19 MP: 5/7
  1146 | D:3      | Noticed Terence
  1152 | D:3      | Killed Terence
  1153 | D:3      | Reached skill level 1 in Necromancy
  1153 | D:3      | Reached XP level 4. HP: 13/21 MP: 5/8
  1419 | D:3      | Found Dischaug's Assorted Antiques.
  2063 | D:4      | HP: 1/24 [gnoll/+0 club[a gnoll bouda] (2)]
  2068 | D:4      | Slain by a gnoll

Illustrated notes

Levels and vault maps discovered:
D:1:      dpeg_arrival_arbitrary_c, layout_basic
D:2:      layout_rooms, hangedman_decor_points, nicolae_hexahallways
D:3:      layout_loops_ring, serial_shops, nicolae_shop_just_a_little_nook,
          uniq_terence
D:4:      layout_loops_corners

Skill      XL: |  1  2  3 |
---------------+----------+-----
Maces & Flails | 1 3 |  3.5
Necromancy     | 1 |  1.4
Fighting       | |  2.0
Axes           | |  3.2
Dodging        | |  2.1
Spellcasting   | |  2.0
Conjurations   | |  4.7

Action                     |  1- 3 |  4- 6 || total
---------------------------+-------+-------++-------
  Melee: Hand axe          |    16 |       ||    16
         Kick              |    16 |     9 ||    25
         Dagger            |    50 |    51 ||   101
         Peck              |     9 |     6 ||    15
   Cast: Kiss of Death     |     3 |       ||     3
 Armour: Leather armour    |    12 |       ||    12
         Quicksilver drago |    15 |    29 ||    44
  Dodge: Dodged            |    33 |    25 ||    58
